 Dungeon Crawl Stone Soup version 0.27-a0-887-gcab673c142 (webtiles) character file.

Game seed: 13602383438013634522

1554141 Charly the Ecstatic (level 27, 264/264 HPs)
             Began as a Hill Orc Gladiator on Apr 3, 2021.
             Was a Follower of Uskayaw.
             Escaped with the Orb
             ... and 3 runes on Apr 4, 2021!
             The game lasted 04:58:34 (86902 turns).

Charly the Ecstatic (Hill Orc Gladiator)           Turns: 86902, Time: 04:58:34

Health: 264/264    AC: 42    Str: 36    XL:     27
Magic:  48/48      EV: 26    Int:  9    God:    Uskayaw [*.....]
Gold:   3745       SH: 21    Dex: 22    Spells: 26/26 levels left

rFire    + + +     SeeInvis .   b - +9 broad axe (vorpal)
rCold    + + +     Faith    +   d - +5 kite shield {rF+}
rNeg     + + .     Spirit   .   f - +9 storm dragon scales
rPois    +         Reflect  .   E - +1 helmet "Bebid" {rC+ rCorr Str+4}
rElec    +         Harm     .   C - +1 cloak of Starlight {*Dazzle EV+4 Stlth--}
rCorr    +         Rampage  .   Y - +1 pair of gloves of Midnight {rN+ Int+2}
Will     ++++.                  o - +2 pair of boots of Impatience {rPois Str+7 Int-5 Slay+3}
Stlth    ..........             r - amulet of the Leylines {Faith rN+ Will++}
HPRegen  0.54/turn              P - ring of Noon {*Corrode rF++ rC+ MP+9 Str+2}
MPRegen  0.31/turn              p - ring of Loreg {rPois Str-5 Int+2 Dex+6 Slay+5}

@: studying Air Magic
A: talons 1, agile 1, clever 1, cold resistance 1, fire resistance 1
0: Orb of Zot
}: 3/15 runes: decaying, slimy, gossamer
a: Renounce Religion, Stomp


You escaped.
You worshipped Uskayaw.
Uskayaw was extremely pleased with you.
You visited 11 branches of the dungeon, and saw 54 of its levels.
You visited 1 ziggurat, and saw 8 of its levels.
You also visited: Trove and Sewer.

You collected 8704 gold pieces.
You spent 4959 gold pieces at shops.

Inventory:

Hand Weapons
 a - the +7 eveningstar of Ureabbak {vorpal, rC+ Str+4 Stlth+}
   (You bought it in a shop on level 2 of the Orcish Mines)

   It inflicts extra damage upon your enemies.
   It affects your strength (+4).
   It protects you from cold.
   It makes you more stealthy.
 b - a +9 vorpal broad axe (weapon)
 w - the +7 hunting sling of Somewhere Else {flame, +Inv rElec rN+ Str-3 Int+4}
   (You bought it in a shop on level 2 of the Orcish Mines)

   It causes projectiles fired from it to burn those they strike, causing extra
   injury to most foes and up to half again as much damage against particularly
   susceptible opponents.
   It affects your strength (-3).
   It affects your intelligence (+4).
   It insulates you from electricity.
   It protects you from negative energy.
   It lets you turn invisible.
 O - the +8 demon trident "Rift" {distort, reach+}
   (You found it on level 8 of a ziggurat)

   It warps and distorts space around it.
   Unwielding it can cause banishment or high damage.
Missiles
 y - 3 atropa-tipped darts
 B - 202 sling bullets
 S - 3 throwing nets (quivered)
Armour
 d - a +5 kite shield of fire resistance (worn)
 f - +9 storm dragon scales (worn)
 o - the +2 pair of boots of Impatience (worn) {rPois Str+7 Int-5 Slay+3}
   (You bought it in a shop on level 5 of the Depths)

   It affects your strength (+7).
   It affects your intelligence (-5).
   It affects your accuracy and damage with ranged weapons and melee attacks
   (+3).
   It protects you from poison.
 C - the +1 cloak of Starlight (worn) {*Dazzle EV+4 Stlth--}
   (You found it on level 3 of the Elven Halls)

   It affects your evasion (+4).
   It makes you much less stealthy.
 E - the +1 helmet "Bebid" (worn) {rC+ rCorr Str+4}
   (You found it on level 2 of the Swamp)

   It affects your strength (+4).
   It protects you from cold.
   It protects you from acid and corrosion.
 Y - the +1 pair of gloves of Midnight (worn) {rN+ Int+2}
   (You bought it in a shop on level 2 of the Orcish Mines)

   It affects your intelligence (+2).
   It protects you from negative energy.
Jewellery
 c - the amulet of Nobility {Reflect rPois Str+3 SH+5}
   (You found it on level 8 of a ziggurat)

   [amulet of reflection]

   It reflects blocked missile attacks.
   It affects your strength (+3).
   It protects you from poison.
   It affects your SH (+5).
 i - a ring of see invisible
 n - the ring of Doro Ybia {+Blink rN+ MP-9 Str+6}
   (You found it on level 2 of the Depths)

   [ring of strength]

   It affects your strength (+6).
   It protects you from negative energy.
   It affects your magic capacity (-9).
   It lets you blink.
 p - the ring of Loreg (right hand) {rPois Str-5 Int+2 Dex+6 Slay+5}
   (You found it in a treasure trove)

   [ring of dexterity]

   It affects your strength (-5).
   It affects your intelligence (+2).
   It affects your dexterity (+6).
   It affects your accuracy and damage with ranged weapons and melee attacks
   (+5).
   It protects you from poison.
 r - the amulet of the Leylines (around neck) {Faith rN+ Will++}
   (You found it in a treasure trove)

   [amulet of faith]

   It allows you to gain divine favour quickly.
   It protects you from negative energy.
   It greatly increases your willpower.
 P - the ring of Noon (left hand) {*Corrode rF++ rC+ MP+9 Str+2}
   (You found it in a treasure trove)

   [ring of magical power]

   It affects your strength (+2).
   It greatly protects you from fire.
   It protects you from cold.
   It affects your magic capacity (+9).
   It may corrode you when you take damage.
Wands
 M - a wand of acid (26)
 N - a wand of digging (13)
 Q - a wand of iceblast (5)
Scrolls
 h - a scroll of summoning
 l - 4 scrolls of fear
 q - 4 scrolls of silence
 t - 28 scrolls of teleportation
 u - 5 scrolls of blinking
 F - a scroll of brand weapon
 H - 5 scrolls of immolation
 K - a scroll of fog
Potions
 e - 5 potions of haste
 g - 4 potions of attraction
 k - 2 potions of might
 m - 18 potions of curing
 s - 2 potions of cancellation
 v - 10 potions of flight
 x - 5 potions of heal wounds
 J - 2 potions of invisibility
 L - 6 potions of berserk rage
 R - 3 potions of resistance
 X - a potion of ambrosia
Miscellaneous
 A - a tin of tremorstones (2/2)
 D - a phial of floods
 G - a phantom mirror
 I - a condenser vane
 U - a box of beasts
 W - a lightning rod (4/4)


   Skills:
 + Level 24.4 Fighting
 - Level 20.0(21.3) Axes
 - Level 12.0(16.0) Maces & Flails
 - Level 1.7 Throwing
 + Level 22.2 Armour
 + Level 17.1 Dodging
 - Level 15.0 Shields
 + Level 25.4 Invocations
 + Level 18.2 Evocations


You had 26 spell levels left.
You didn't know any spells.
Your spell library contained the following spells:

 Spells                   Type           Power      Damage    Failure   Level
 Animate Skeleton         Necr           0%         N/A       65%         1
 Apportation              Tloc           0%         N/A       65%         1
 Beastly Appendage        Tmut           0%         N/A       65%         1
 Corona                   Hex            0%         N/A       65%         1
 Foxfire                  Conj/Fire      0%         2x1d4     65%         1
 Freeze                   Ice            0%         1d3       65%         1
 Magic Dart               Conj           0%         1d3       65%         1
 Pain                     Necr           0%         1d4       65%         1
 Shock                    Conj/Air       0%         1d3       65%         1
 Sting                    Tmut/Pois      0%         1d3       65%         1
 Summon Small Mammal      Summ           0%         N/A       65%         1
 Blink                    Tloc           N/A        N/A       78%         2
 Call Imp                 Summ           0%         N/A       78%         2
 Corpse Rot               Necr/Air       N/A        N/A       78%         2
 Ensorcelled Hibernation  Hex/Ice        0%         N/A       78%         2
 Passwall                 Tmut/Erth      0%         N/A       78%         2
 Poisonous Vapours        Pois/Air       0%         N/A       78%         2
 Searing Ray              Conj           0%         3d3       78%         2
 Slow                     Hex            0%         N/A       78%         2
 Sublimation of Blood     Necr           0%         N/A       78%         2
 Swiftness                Air            0%         N/A       78%         2
 Wereblood                Tmut           0%         N/A       78%         2
 Call Canine Familiar     Summ           0%         N/A       95%         3
 Confusing Touch          Hex            0%         N/A       95%         3
 Conjure Flame            Conj/Fire      0%         6-21      95%         3
 Dazzling Flash           Conj/Hex       0%         N/A       95%         3
 Frozen Ramparts          Ice            0%         1d2       95%         3
 Gell's Gravitas          Tloc           0%         N/A       95%         3
 Ignite Poison            Fire/Tmut/Pois 0%         N/A       95%         3
 Inner Flame              Hex/Fire       0%         N/A       95%         3
 Lesser Beckoning         Tloc           0%         N/A       95%         3
 Mephitic Cloud           Conj/Pois/Air  0%         N/A       95%         3
 Ozocubu's Armour         Ice            0%         N/A       95%         3
 Portal Projectile        Hex/Tloc       0%         N/A       95%         3
 Spider Form              Tmut/Pois      0%         N/A       95%         3
 Static Discharge         Conj/Air       0%         N/A       95%         3
 Teleport Other           Tloc           0%         N/A       95%         3
 Tukima's Dance           Hex            0%         N/A       95%         3
 Vampiric Draining        Necr           0%         2d6       95%         3
 Airstrike                Air            0%         N/A       100%        4
 Animate Armour           Summ/Erth      0%         N/A       100%        4
 Animate Dead             Necr           0%         N/A       100%        4
 Cause Fear               Hex            0%         N/A       100%        4
 Fulminant Prism          Conj/Hex       0%         3d6       100%        4
 Hailstorm                Conj/Ice       0%         3d3       100%        4
 Ice Form                 Ice/Tmut       0%         N/A       100%        4
 Iskenderun's Mystic Bla  Conj/Tloc      0%         2d3       100%        4
 Leda's Liquefaction      Hex/Erth       0%         N/A       100%        4
 Olgreb's Toxic Radiance  Pois           0%         N/A       100%        4
 Passage of Golubria      Tloc           N/A        N/A       100%        4
 Petrify                  Tmut/Erth      0%         N/A       100%        4
 Summon Ice Beast         Ice/Summ       0%         N/A       100%        4
 Summon Lightning Spire   Summ/Air       0%         N/A       100%        4
 Agony                    Necr           0%         N/A       100%        5
 Alistair's Intoxication  Tmut/Pois      0%         N/A       100%        5
 Bolt of Magma            Conj/Fire/Erth 0%         4d4       100%        5
 Borgnjor's Vile Clutch   Necr/Erth      0%         N/A       100%        5
 Fireball                 Conj/Fire      0%         3d3       100%        5
 Hydra Form               Tmut           0%         N/A       100%        5
 Irradiate                Conj/Tmut      0%         3d13      100%        5
 Iskenderun's Battlesphe  Conj           0%         2d6       100%        5
 Lee's Rapid Deconstruct  Erth           0%         3d5*      100%        5
 Lightning Bolt           Conj/Air       0%         1d11      100%        5
 Manifold Assault         Tloc           0%         N/A       100%        5
 Metabolic Englaciation   Hex/Ice        0%         N/A       100%        5
 Silence                  Hex/Air        0%         N/A       100%        5
 Summon Mana Viper        Hex/Summ       0%         N/A       100%        5
 Yara's Violent Unravell  Hex/Tmut       0%         3d3       100%        5
 Death Channel            Necr           0%         N/A       100%        6
 Eringya's Noxious Bog    Tmut/Pois      0%         N/A       100%        6
 Freezing Cloud           Conj/Ice/Air   0%         6-21      100%        6
 Invisibility             Hex            0%         N/A       100%        6
 Iron Shot                Conj/Erth      0%         9d1       100%        6
 Shadow Creatures         Summ           N/A        N/A       100%        6
 Simulacrum               Ice/Necr       0%         N/A       100%        6
 Starburst                Conj/Fire      0%         8x6d3     100%        6
 Statue Form              Tmut/Erth      0%         N/A       100%        6
 Dragon Form              Tmut           0%         N/A       100%        7
 Haunt                    Necr/Summ      0%         N/A       100%        7
 Malign Gateway           Summ/Tloc      0%         N/A       100%        7
 Monstrous Menagerie      Summ           0%         N/A       100%        7
 Orb of Destruction       Conj           0%         N/A       100%        7
 Ozocubu's Refrigeration  Ice            0%         4d5       100%        7
 Spellforged Servitor     Conj/Summ      0%         N/A       100%        7
 Summon Hydra             Summ           0%         N/A       100%        7
 Chain Lightning          Conj/Air       0%         N/A       100%        8
 Discord                  Hex            0%         N/A       100%        8
 Ignition                 Fire           0%         3d3       100%        8
 Lehudib's Crystal Spear  Conj/Erth      0%         10d2      100%        8
 Summon Horrible Things   Summ           0%         N/A       100%        8
 Absolute Zero            Ice            0%         ∞         100%        9
 Dragon's Call            Summ           0%         N/A       100%        9
 Fire Storm               Conj/Fire      0%         5d1       100%        9
 Shatter                  Erth           0%         3d5*      100%        9


Dungeon Overview and Level Annotations

Branches:
Dungeon (15/15)            Temple (1/1) D:6            Lair (6/6) D:10
  Swamp (4/4) Lair:2       Spider (4/4) Lair:4        Slime (5/5) Lair:6
    Orc (2/2) D:9             Elf (3/3) Orc:2        Vaults (4/5) D:14
  Crypt (0/3) Vaults:3     Depths (5/5) D:15            Zot (5/5) Depths:5
  Sewer (visited)

Altars:
Ashenzari
Dithmenos
Hepliaklqana
Qazlal
Ru
Trog
Uskayaw
Xom
Yredelemnul
The Shining One
Jiyva
Lugonu

Shops:
D:4 *   D:6 (   D:10 !   Orc:2 *?(([:   Elf:2 *([   Elf:3 (   Vaults:4 !
Depths:1 [   Depths:5 ([?:

Portals:
Hell: Depths:1 Depths:2 Depths:3 Depths:4 Depths:5
Abyss: Zot:3 Depths:4 Depths:5
Pandemonium: Depths:2 Depths:3 Depths:4

Annotations:
Lair:3 Gastronok
Vaults:2 1 runed translucent door, Qoinem's ghost, adept DDFi
Depths:4 2 runed translucent doors
Zot:1 2 transporters, Odghynix's ghost, master TrAr
Zot:2 3 runed translucent doors, Canky's ghost, master TrAr


Innate Abilities, Weirdness & Mutations

You have sharp toenails.
You are agile. (Dex +2)
Your mind is acute. (Int +2)
Your flesh is cold resistant. (rC+)
Your flesh is heat resistant. (rF+)


Message History

There is a stone staircase leading down here.
An Orb Guardian comes into view.
There is a stone staircase leading up here.
You climb upwards.
There is a stone staircase leading down here.
(D) Dungeon (T) Temple (L) Lair (S) Swamp (N) Spider Nest (M) Slime Pits (O) Orcish Mines (E) Elven Halls (V) Vaults (C) Crypt (U) Depths (H) Hell (Z) Zot
Where to? (Enter - D:1 @ (x,y), ? - help)
There is a stone staircase leading up here.
You climb upwards.
There is a stone staircase leading down here.
You open the door.
An Orb Guardian comes into view.
There is an open door here.
You slice the Orb Guardian!!
The Orb Guardian is moderately wounded.
You block the Orb Guardian's attack.
You slice the Orb Guardian!!
The Orb Guardian is severely wounded.
The Orb Guardian hits you but does no damage.
You can now pass through a line of other dancers.
You slice the Orb Guardian!!
You kill the Orb Guardian!
(D) Dungeon (T) Temple (L) Lair (S) Swamp (N) Spider Nest (M) Slime Pits (O) Orcish Mines (E) Elven Halls (V) Vaults (C) Crypt (U) Depths (H) Hell (Z) Zot
Where to? (Enter - D:1 @ (x,y), ? - help)
There is a stone staircase leading up here.
You climb upwards.
There is a stone staircase leading down here.
Items here: ? [[[.
You can no longer pass through a line of other dancers.
There is a stone staircase leading up here.
You climb upwards.
There is a stone staircase leading down here.
There is a staircase leading out of the dungeon here.
You have escaped!

###
##........#
##........##
##.........#
#..........#
##........##
##.......#
####...##
##..# ##@#
###


There were no monsters in sight!

Vanquished Creatures
  the Royal Jelly (Slime:5)
  Dissolution (Slime:5)
  A dread lich (Zot:5)
  An ancient lich (Zig:7)
  7 orbs of fire
  2 juggernauts
  3 royal mummies (Zig:8)
  The ghost of Noname the Warrior, a veteran DjAE of Makhleb (Depths:2)
  Bai Suzhen (Swamp:3)
  A pandemonium lord (Zig:6)
  9 Killer Klowns (Zot:5)
  Margery (Vaults:4)
  3 caustic shrikes
  12 golden dragons
  Nikola (Spider:2)
  Jory (Vaults:1)
  Arachne (Spider:4)
  A Tzitzimitl (Zot:5)
  A Brimstone Fiend (Zig:6)
  4 electric golems
  17 tentacled monstrosities
  10 liches
  29 Orb Guardians
  Asterion (Spider:1)
  21 acid blobs
  3 deep elf blademasters
  2 quicksilver dragons
  4 deep elf master archers
  The ghost of Usiru the Tortoise, an adept MiFi of Okawaru (Lair:2)
  An ancient champion (Vaults:4)
  An Executioner (D:9)
  6 sphinxes
  5 tengu reavers
  9 death cobs
  7 shadow dragons
  Kirke (Lair:4)
  Donald (Spider:4)
  2 thorn hunters (Swamp:3)
  10 storm dragons
  4 draconian monks
  Roxanne (Elf:1)
  A fenstrider witch (Swamp:3)
  5 rockslimes
  11 azure jellies
  14 fire giants
  The ghost of bmj180 the Geomancer, an adept GrEE of Vehumet (D:12)
  2 draconian scorchers
  10 deep elf sorcerers
  Louise (Elf:2)
  11 vault wardens
  7 draconian knights
  An iron dragon (Depths:3)
  12 frost giants
  2 draconian shifters (Zot:4)
  7 ghost moths
  3 orc warlords
  2 draconian stormcallers
  4 emperor scorpions
  A balrug (Zig:6)
  6 deep elf elementalists (Elf:3)
  7 ironbound preservers
  7 quicksilver oozes (Slime:5)
  5 war gargoyles
  26 very ugly things
  3 reapers
  3 spriggan defenders
  20 stone giants
  8 green draconians
  3 grey draconians (Zot:4)
  9 vampire knights
  4 bennus (Zig:8)
  A black sun (Zig:6)
  Azrael (Elf:2)
  6 white draconians
  11 spark wasps
  8 deep elf demonologists
  A lorocyproca (Zig:6)
  10 deep elf annihilators
  3 purple draconians
  3 dire elephants
  5 entropy weavers
  5 yellow draconians
  6 bunyips
  A red draconian (Zot:1)
  13 ettins
  A blizzard demon (Zig:6)
  An eidolon (Zig:2)
  4 crystal guardians
  2 black draconians
  4 deep elf death magi
  The ghost of Wingboner the Fighter, a journeyman DsFi of Fedhas (Lair:3)
  A salamander tyrant (Depths:5)
  4 eleionomae
  Snorg (Lair:5)
  A shambling mangrove (Swamp:4)
  2 mummy priests (Zig:8)
  Josephine (Swamp:1)
  9 fire dragons
  7 yaktaur captains
  10 deep elf high priests
  6 ironbound thunderhulks
  4 boulder beetles
  33 hydras
  10 great orbs of eyes
  3 spriggan air magi
  5 rakshasas
  A hell beast (Depths:5)
  9 ice dragons
  14 vault guards
  3 peacekeepers
  5 ironbound frosthearts
  2 ghost crabs
  6 alligators
  24 dancing weapons
  A catoblepas (D:13)
  11 centaur warriors
  12 death yaks
  6 two-headed ogres
  5 tengu warriors
  6 orc high priests
  A naga sharpshooter (Zig:4)
  A hell hog (Depths:5)
  3 deep troll shamans
  6 spriggan berserkers
  5 deep troll earth magi
  2 soul eaters
  3 ironbound beastmasters
  2 shock serpents (shapeshifter)
  16 hell knights
  A thrashing horror (Zig:5)
  A sun demon (Depths:5)
  13 deep elf knights
  7 spriggans
  A fire crab (shapeshifter) (Depths:2)
  8 skeletal warriors
  A goliath frog (Swamp:2)
  A sixfirhy (Zot:5)
  A salamander mystic (Depths:5)
  A spatial maelstrom (Zig:2)
  A fire crab (Lair:6)
  3 iron trolls
  3 spriggan druids
  3 starcursed masses (Zig:5)
  7 glowing orange brains
  2 torturous demonspawn
  2 flayed ghosts
  34 deep trolls
  A shadow demon (Zig:5)
  9 orc knights
  11 deep elf archers
  11 ironbound convokers
  A lindwurm (shapeshifter) (Depths:3)
  3 harpies (Vaults:1)
  14 swamp dragons
  4 bog bodies
  13 wizards
  A tengu zombie (Vaults:3)
  10 necromancers
  2 lindwurms (Vaults:2)
  22 wolf spiders
  14 orb spiders
  60 ugly things
  23 deep elf zephyrmancers
  2 phantasmal warriors (Depths:2)
  15 deep elf pyromancers
  4 cyclopes
  29 moths of wrath
  3 orc sorcerers
  A tengu skeleton (Vaults:3)
  A manticore (shapeshifter) (Elf:2)
  3 will-o-the-wisps
  A salamander (Depths:5)
  4 manticores
  5 centaur zombies
  4 oklob plants (Lair:1)
  2 shining eyes (Slime:5)
  6 draconians (Zot:4)
  A cyclops (shapeshifter) (Depths:2)
  A shining eye (shapeshifter) (Depths:3)
  2 worldbinders (Zig:5)
  A fire giant zombie (Vaults:2)
  A black mamba (Lair:4)
  2 stone giant zombies
  3 eyes of devastation
  A stone giant skeleton (Depths:2)
  A fire giant skeleton (Depths:2)
  A rust devil (Zig:3)
  A smoke demon (Depths:5)
  11 vault sentinels
  26 cane toads
  An unseen horror (D:12)
  3 gargoyles
  3 komodo dragons
  A hellion (Depths:4)
  4 rime drakes
  16 demonic crawlers
  2 torpor snails
  A human zombie (Vaults:2)
  2 komodo dragons (shapeshifter)
  3 tengu conjurers
  25 yaktaurs
  An ice devil (Depths:4)
  2 kobold demonologists (D:12)
  A yaktaur skeleton (Vaults:2)
  A human skeleton (Vaults:3)
  A red devil (Depths:4)
  An elf skeleton (Zig:8)
  A freezing wraith (Zig:7)
  A guardian mummy (Zig:8)
  A merfolk (shapeshifter) (Vaults:3)
  12 trolls
  2 bloated husks
  7 hornets
  A polar bear (Lair:3)
  The ghost of wakim the Shooter, a novice SpAM of Uskayaw (D:5)
  21 jumping spiders
  A raiju (Zig:5)
  17 blink frogs
  12 tyrant leeches
  A hornet (shapeshifter) (Depths:2)
  113 slime creatures
  8 dream sheep
  A fire dragon zombie (Zig:3)
  A stone giant simulacrum (Depths:2)
  3 air elementals
  Sigmund (D:6)
  A centaur simulacrum (D:15)
  75 redbacks
  4 wyverns
  A flying skull (Zig:8)
  A vampire (D:12)
  6 water elementals
  3 fire bats (Depths:1)
  8 fire elementals
  32 yaks
  9 wraiths
  20 tarantellas
  4 basilisks
  A hog (Lair:4)
  5 humans (D:14)
  4 large abominations
  9 wargs
  14 vampire mosquitoes
  8 swamp worms
  A swamp worm (shapeshifter) (Zig:7)
  An acid dragon (D:14)
  12 water moccasins
  A floating eye (shapeshifter) (Depths:4)
  54 orc warriors
  A black bear (shapeshifter) (Elf:1)
  4 hell hounds (Elf:2)
  11 swamp drakes
  3 ice beasts
  A sky beast (D:6)
  4 ogres
  15 wolves
  3 black bears
  4 boggarts (Vaults:4)
  6 centaurs
  A necrophage (D:4)
  A centaur (shapeshifter) (Vaults:2)
  A phantom (D:4)
  3 kobold brigands
  23 bullfrogs
  2 scorpions (D:7)
  A wyvern zombie (D:7)
  3 earth elementals
  A water moccasin skeleton (D:4)
  A wyvern skeleton (D:7)
  11 wights
  4 electric eels
  2 howler monkeys
  2 small abominations (Zig:5)
  2 bullfrog skeletons (D:6)
  3 hounds
  34 orc priests
  2 jellies (Lair:6)
  A centaur skeleton (D:6)
  Jessica (D:2)
  3 iguanas
  25 orc wizards
  A hound skeleton (D:4)
  5 mummies (Zig:8)
  2 howler monkey zombies
  4 gnolls (D:4)
  A river rat (Sewer)
  7 adders
  A shadow imp (D:6)
  An ufetubus (D:5)
  A dart slug (D:1)
  2 worms
  92 orcs
  7 endoplasms
  7 giant cockroaches
  A goblin (D:3)
  6 hobgoblins
  9 jackals
  17 kobolds
  A quokka (D:3)
  6 ball pythons
  4 bats
  4 frilled lizards
  5 rats
  2 lurking horrors (Zot:3)
2046 creatures vanquished.

Vanquished Creatures (collateral kills)
  A storm dragon (Zot:5)
  A shining eye (Slime:3)
  An ugly thing (D:13)
  A cyclops (D:13)
  A slime creature (Slime:3)
  A tengu conjurer (D:13)
  2 orc warriors (D:15)
8 creatures vanquished.

Vanquished Creatures (others)
  2 deep elf annihilators
  A spriggan (Swamp:3)
  A wizard (Vaults:4)
  A deep elf archer (Elf:2)
  2 deep elf zephyrmancers
  2 bloated husks
  A hornet (Swamp:3)
  4 humans
  A boggart (Vaults:4)
  19 foxfires
  33 fungi
  151 plants
  2 starspawn tentacles (Zig:5)
220 creatures vanquished.

Grand Total: 2274 creatures vanquished

Notes
Turn   | Place    | Note
-------+----------+-------------------------------------------
     0 | D:1      | Charly the Hill Orc Gladiator began the quest for the Orb.
     0 | D:1      | Reached XP level 1. HP: 18/18 MP: 1/1
   252 | D:1      | Reached XP level 2. HP: 25/25 MP: 2/2
   716 | D:2      | Noticed Jessica
   981 | D:2      | Reached skill level 5 in Axes
   981 | D:2      | Reached XP level 3. HP: 15/31 MP: 3/3
  1040 | D:2      | You fall into a shaft and drop 2 floors!
  1041 | D:4      | Noticed a necrophage
  1071 | D:4      | Killed a necrophage
  1072 | D:4      | Reached XP level 4. HP: 36/40 MP: 4/4
  1202 | D:4      | Reached XP level 5. HP: 46/46 MP: 5/5
  1459 | D:3      | Found a glowing drain.
  1495 | Sewer    | Entered a sewer
  1557 | Sewer    | Noticed a kobold brigand
  1570 | Sewer    | Killed a kobold brigand
  1571 | Sewer    | Reached XP level 6. HP: 52/53 MP: 6/6
  1612 | Sewer    | Found a white marble altar of Elyvilon.
  1814 | D:2      | Found a faded altar of an unknown god.
  1833 | D:2      | Killed Jessica
  2779 | D:3      | Reached skill level 5 in Fighting
  3319 | D:4      | Reached XP level 7. HP: 58/61 MP: 7/7
  3467 | D:4      | Found Mael's Assorted Antiques.
  3475 | D:4      | Bought a fuming inky potion for 22 gold pieces
  3475 | D:4      | Bought a marble ring for 125 gold pieces
  3475 | D:4      | Bought a scroll labelled KEYTAMNESHRA for 25 gold pieces
  3630 | D:5      | Entered Level 5 of the Dungeon
  3884 | D:5      | Found a runed translucent gate.
  3884 | D:5      | Found a runed translucent gate.
  3903 | D:5      | Found a runed translucent gate.
  3907 | D:5      | Noticed wakim's ghost (novice SpAM)
  3991 | D:5      | Reached skill level 10 in Axes
  4044 | D:5      | Reached XP level 8. HP: 67/71 MP: 8/8
  4513 | D:6      | Noticed Edmund
  4530 | D:6      | Noticed Edmund
  4530 | D:6      | Edmund changed into Edmund the centaur
  4538 | D:6      | Killed Edmund the centaur
  4561 | D:6      | Found Qas Peaq's Weapon Emporium.
  4761 | D:6      | Reached skill level 1 in Armour
  4809 | D:6      | Found a staircase to the Ecumenical Temple.
  4842 | Temple   | Entered the Ecumenical Temple
  4848 | Temple   | Became a worshipper of Uskayaw the Reveller
  4881 | D:6      | Reached * piety under Uskayaw
  4911 | D:6      | Noticed a cyclops
  5060 | D:6      | Reached ** piety under Uskayaw
  5155 | D:6      | Reached *** piety under Uskayaw
  5158 | D:6      | Reached skill level 2 in Invocations
  5158 | D:6      | Reached XP level 9. HP: 81/81 MP: 8/10
  5420 | D:7      | Reached skill level 3 in Invocations
  6059 | D:8      | Reached skill level 4 in Invocations
  6289 | D:8      | Reached XP level 10. HP: 90/90 MP: 13/13
  6649 | D:9      | Reached skill level 5 in Invocations
  6859 | D:6      | Killed a cyclops
  6860 | D:6      | Reached skill level 5 in Armour
  6952 | D:6      | Noticed Sigmund
  6984 | D:6      | Killed Sigmund
  7318 | D:9      | Noticed a two-headed ogre
  7409 | D:9      | Reached **** piety under Uskayaw
  7414 | D:9      | Reached ***** piety under Uskayaw
  7419 | D:9      | Reached skill level 6 in Invocations
  7427 | D:9      | Reached ****** piety under Uskayaw
  7472 | D:9      | Found a staircase to the Orcish Mines.
  7667 | D:9      | Noticed a skeletal warrior
  7667 | D:9      | Noticed a skeletal warrior
  7674 | D:10     | Entered Level 10 of the Dungeon
  7686 | D:10     | Reached skill level 10 in Fighting
  7735 | D:10     | Noticed a death yak
  7735 | D:10     | Noticed a death yak
  7758 | D:10     | Killed a death yak
  7759 | D:10     | Reached skill level 7 in Invocations
  7759 | D:10     | Reached XP level 11. HP: 45/99 MP: 7/16
  7863 | D:10     | Reached skill level 15 in Axes
  7979 | D:10     | Noticed a death yak
  7979 | D:10     | Noticed a death yak
  8005 | D:10     | Killed a death yak
  8222 | D:10     | You fall into a shaft and drop 2 floors!
  8236 | D:12     | Found a sacrificial altar of Ru.
  8303 | D:10     | Found Xestrul's Distillery.
  8312 | D:10     | Bought a potion of curing for 30 gold pieces
  8312 | D:10     | Bought a potion of curing for 30 gold pieces
  8312 | D:10     | Bought a potion of curing for 30 gold pieces
  8312 | D:10     | Bought 2 potions of heal wounds for 100 gold pieces
  8312 | D:10     | Bought a potion of curing for 30 gold pieces
  8312 | D:10     | Bought a potion of haste for 100 gold pieces
  8534 | D:9      | Noticed a two-headed ogre
  8545 | D:9      | Killed a two-headed ogre
  8606 | D:9      | Found the amulet of the Four Winds {rN+ Will+++ Clar}
  8606 | D:9      | Noticed a centaur warrior
  8934 | D:9      | Killed a skeletal warrior
  8942 | D:9      | Identified the +0 leather armour of Defyesch {MP-9 Str+4
                  | Dex+2}
  8962 | D:9      | Killed a skeletal warrior
  8963 | D:9      | Noticed a skeletal warrior
  8977 | D:9      | Killed a skeletal warrior
  8978 | D:9      | Reached skill level 8 in Invocations
  9224 | D:9      | Killed a two-headed ogre
  9701 | D:9      | Noticed a cyan ugly thing
  9891 | D:9      | Killed a cyan ugly thing
 10081 | D:9      | Reached XP level 12. HP: 108/108 MP: 18/18
 10099 | D:9      | Killed a centaur warrior
 10333 | D:9      | Reached skill level 9 in Invocations
 10358 | D:9      | Found a glowing golden altar of the Shining One.
 10679 | D:10     | Bought a potion of berserk rage for 50 gold pieces
 10806 | D:10     | Found a staircase to the Lair.
 10807 | D:10     | Noticed a death yak
 10841 | D:10     | Killed a death yak
 10849 | D:10     | Killed a death yak
 10861 | D:10     | Killed a death yak
 11422 | D:11     | Noticed a two-headed ogre
 11422 | D:11     | Noticed a boulder beetle
 11444 | D:10     | Killed a two-headed ogre
 11498 | D:11     | Killed a boulder beetle
 11697 | D:11     | Noticed a boulder beetle
 11706 | D:11     | Killed a boulder beetle
 11707 | D:11     | Reached skill level 5 in Dodging
 11937 | D:11     | Noticed a two-headed ogre
 11954 | D:11     | Noticed an eight-headed hydra
 12197 | Lair:1   | Entered Level 1 of the Lair of Beasts
 12582 | Lair:1   | Reached skill level 10 in Invocations
 13202 | Lair:2   | Noticed a death yak
 13325 | Lair:2   | Found a staircase to the Swamp.
 13738 | Lair:2   | Noticed a seven-headed hydra
 13752 | Lair:2   | Killed a seven-headed hydra
 13753 | Lair:2   | Reached XP level 13. HP: 106/117 MP: 20/20
 16438 | Lair:2   | Noticed a fire dragon
 16451 | Lair:2   | Killed a fire dragon
 17031 | Lair:3   | Reached skill level 11 in Invocations
 17032 | Lair:3   | Found a runed translucent door.
 17174 | Lair:3   | Noticed Wingboner's ghost (journeyman DsFi)
 17501 | Lair:3   | Noticed Gastronok
 18324 | Lair:4   | Noticed Kirke
 18360 | Lair:4   | Killed Kirke
 19117 | Lair:4   | Reached skill level 10 in Armour
 19725 | Lair:4   | Found a hole to the Spider Nest.
 20231 | Lair:5   | Reached XP level 14. HP: 111/127 MP: 22/22
 20721 | Lair:5   | Found a hide-covered altar of Uskayaw.
 20817 | Lair:5   | Noticed Snorg
 20838 | Lair:5   | Killed Snorg
 21554 | Lair:6   | Entered Level 6 of the Lair of Beasts
 21686 | Lair:5   | Reached skill level 12 in Invocations
 22887 | Lair:6   | Identified the Papyrus of Creation
 23311 | Lair:6   | Found a runed translucent door.
 23311 | Lair:6   | Found a viscous altar of Jiyva.
 23314 | Lair:6   | Found a staircase to the Slime Pits.
 24317 | D:5      | Killed wakim's ghost
 25084 | D:12     | Found a transporter.
 25088 | D:12     | Noticed a deep elf annihilator
 25089 | D:12     | Noticed bmj180's ghost (adept GrEE)
 25090 | D:12     | Found a transporter.
 25093 | D:12     | You fall into a shaft and drop 1 floor!
 25371 | D:12     | Reached XP level 15. HP: 96/136 MP: 24/24
 26071 | D:12     | Reached skill level 13 in Invocations
 26071 | D:12     | Reached skill level 1 in Evocations
 26745 | D:13     | Noticed Nessos
 26774 | D:13     | Noticed Nessos
 26774 | D:13     | Nessos changed into Nessos the cane toad
 26782 | D:13     | Killed Nessos the cane toad
 27310 | D:14     | Found a stormy altar of Qazlal.
 27341 | D:14     | You fall into a shaft and drop 1 floor!
 27341 | D:15     | Entered Level 15 of the Dungeon
 27482 | D:15     | Found a corrupted altar of Lugonu.
 27603 | D:15     | Identified the +2 robe of Duwk {rElec Will+ rCorr}
 28358 | D:14     | Found a gate to the Vaults.
 29562 | D:15     | Found a hazy altar of Hepliaklqana.
 29760 | D:15     | Found a staircase to the Depths.
 30442 | Orc:1    | Entered Level 1 of the Orcish Mines
 30700 | Orc:1    | Noticed an orc warlord
 30723 | Orc:1    | Killed an orc warlord
 30724 | Orc:1    | Reached skill level 14 in Invocations
 31415 | Orc:2    | Entered Level 2 of the Orcish Mines
 31479 | Orc:2    | Reached XP level 16. HP: 147/147 MP: 26/26
 31782 | Orc:2    | Found Teniuh Anoung's Mayhem Merchandise.
 32026 | Orc:2    | Found a staircase to the Elven Halls.
 32329 | Orc:2    | Reached skill level 5 in Evocations
 32804 | Orc:2    | Found Ullu's Book Emporium.
 33466 | Orc:2    | Found Rabrofru's Magic Scroll Emporium.
 33469 | Orc:2    | Found Terauf's Antique Weapon Shoppe.
 33470 | Orc:2    | Found Daakeil's Antique Armour Emporium.
 33471 | Orc:2    | Found Siptiy's Antique Weapon Emporium.
 33813 | Orc:2    | Bought a pair of fine gloves for 332 gold pieces
 33813 | Orc:2    | Identified the +1 pair of gloves of Midnight {rN+ Int+2}
                  | (You bought it in a shop on level 2 of the Orcish Mines)
 33826 | Orc:2    | Bought a translucent scale mail for 315 gold pieces
 33826 | Orc:2    | Identified the +1 scale mail "Xaxzugar" {rElec rC+ Will+
                  | SInv} (You bought it in a shop on level 2 of the Orcish
                  | Mines)
 33833 | Orc:2    | Bought a scroll of blinking for 105 gold pieces
 33833 | Orc:2    | Bought a scroll of fog for 28 gold pieces
 33833 | Orc:2    | Bought a scroll of teleportation for 42 gold pieces
 34168 | D:12     | Killed bmj180's ghost
 34169 | D:12     | Reached skill level 15 in Fighting
 34624 | Lair:3   | Killed Wingboner's ghost
 34697 | Swamp:1  | Entered Level 1 of the Swamp
 35301 | Swamp:1  | Noticed Josephine
 35324 | Swamp:1  | Killed Josephine
 36045 | Swamp:1  | Identified a scroll of acquirement
 36046 | Swamp:1  | Acquired 1143 gold pieces
 36224 | Orc:2    | Bought the +7 eveningstar of Ureabbak {vorpal, rC+ Str+4
                  | Stlth+} for 1405 gold pieces
 36298 | Orc:2    | Bought a shimmering hand crossbow for 204 gold pieces
 36298 | Orc:2    | Identified the +6 hand crossbow "Pean Ymy" {penet, Drain
                  | +Blink Int-2 Dex+4} (You bought it in a shop on level 2 of
                  | the Orcish Mines)
 36967 | Orc:2    | Bought a scorched hunting sling for 175 gold pieces
 36967 | Orc:2    | Identified the +7 hunting sling of Somewhere Else {flame,
                  | +Inv rElec rN+ Str-3 Int+4} (You bought it in a shop on
                  | level 2 of the Orcish Mines)
 38137 | Swamp:2  | Reached skill level 1 in Maces & Flails
 38142 | Swamp:2  | Reached skill level 5 in Shields
 38143 | Swamp:2  | Identified the +1 helmet "Bebid" {rC+ rCorr Str+4}
 38900 | Swamp:2  | Found a runed translucent door.
 39205 | Swamp:2  | Noticed Usiru's ghost (adept MiFi)
 39888 | Swamp:3  | Reached skill level 5 in Maces & Flails
 39977 | Swamp:3  | Reached XP level 17. HP: 124/156 MP: 28/28
 40738 | Swamp:3  | Noticed Bai Suzhen
 40784 | Swamp:3  | Killed Bai Suzhen
 41381 | Swamp:4  | Entered Level 4 of the Swamp
 41910 | Swamp:4  | Reached skill level 10 in Shields
 42473 | Swamp:4  | Identified the +1 scale mail of Catatonia {rC++ Int+2}
 42576 | Swamp:4  | Reached skill level 10 in Maces & Flails
 42842 | Swamp:4  | Got a decaying rune of Zot
 43229 | Spider:1 | Entered Level 1 of the Spider Nest
 43313 | Spider:1 | Noticed Asterion
 43343 | Spider:1 | Killed Asterion
 43356 | Spider:1 | Reached XP level 18. HP: 106/163 MP: 22/29
 44085 | Spider:1 | Identified the Catalogue of Burning Venom
 44409 | Spider:2 | Noticed Nikola
 44436 | Spider:2 | Killed Nikola
 44745 | Spider:2 | Identified the Volume of Moulding and Beguiling
 47653 | Spider:4 | Entered Level 4 of the Spider Nest
 47962 | Spider:4 | Noticed Donald
 47977 | Spider:4 | Killed Donald
 48254 | Spider:4 | Reached skill level 15 in Invocations
 48465 | Spider:4 | Noticed Arachne
 48498 | Spider:4 | Killed Arachne
 49848 | Spider:4 | Got a gossamer rune of Zot
 50162 | Lair:2   | Killed Usiru's ghost
 50163 | Lair:2   | Reached XP level 19. HP: 67/172 MP: 1/30
 50345 | Vaults:1 | Entered Level 1 of the Vaults
 50621 | Vaults:1 | Identified the +12 mace "Zujewn Wanu" {vamp, rPois Dex+5}
 52742 | Vaults:2 | Noticed Jory
 52967 | Vaults:2 | Reached skill level 16 in Invocations
 53414 | Vaults:2 | You fall into a shaft and drop 1 floor!
 53440 | Vaults:3 | Reached skill level 15 in Shields
 53506 | Vaults:3 | Found a staircase to the Crypt.
 53615 | Vaults:3 | Found a portal to a secret trove of treasure.
 54666 | Vaults:3 | Reached XP level 20. HP: 150/182 MP: 32/32
 55817 | Vaults:2 | Reached skill level 17 in Invocations
 55820 | Vaults:2 | Reached skill level 10 in Dodging
 56658 | Vaults:2 | Found a runed translucent door.
 56658 | Vaults:2 | Found a shimmering altar of Xom.
 56658 | Vaults:2 | Noticed Qoinem's ghost (adept DDFi)
 56942 | Vaults:4 | Reached skill level 15 in Armour
 57583 | Vaults:4 | Reached XP level 21. HP: 162/192 MP: 33/33
 57865 | Vaults:4 | Found Afentar's Distillery.
 58061 | Vaults:4 | Bought a potion of haste for 180 gold pieces
 58215 | Vaults:4 | Noticed Margery
 58226 | Vaults:4 | Killed Margery
 58612 | Vaults:4 | Reached skill level 18 in Invocations
 58832 | Vaults:4 | Bought a potion of curing for 54 gold pieces
 59147 | Elf:1    | Entered Level 1 of the Elven Halls
 59311 | Elf:1    | Noticed Roxanne
 59328 | Elf:1    | Killed Roxanne
 61089 | Elf:2    | Identified the +3 leather armour "Muoskao" {Str+4}
 61150 | Elf:2    | Found a huge runed translucent gate.
 61150 | Elf:2    | Found a huge runed translucent gate.
 61153 | Elf:2    | Found a huge runed translucent gate.
 61154 | Elf:2    | Found a huge runed translucent gate.
 61192 | Elf:2    | Found a huge runed translucent gate.
 61270 | Elf:2    | Found Qaumn's Antique Armour Emporium.
 61270 | Elf:2    | Found Osiu's Antique Weapon Shoppe.
 61274 | Elf:2    | Found Leuk's Assorted Antiques.
 61891 | Elf:2    | Noticed Louise
 61900 | Elf:2    | Reached skill level 10 in Evocations
 61907 | Elf:2    | Killed Louise
 62374 | Elf:2    | Noticed Azrael
 62393 | Elf:2    | Killed Azrael
 62560 | Elf:2    | Reached XP level 22. HP: 175/203 MP: 35/35
 62758 | Elf:3    | Entered Level 3 of the Elven Halls
 62867 | Elf:3    | Found Utehest's Weapon Shop.
 63030 | Elf:3    | Found the +1 cloak of Starlight {*Dazzle EV+4 Stlth--}
 63065 | Elf:3    | Reached skill level 19 in Invocations
 63080 | Elf:3    | Identified the amulet "Efruse" {Faith Str+3}
 63099 | Elf:3    | Identified the +2 arbalest of Courage {venom, +Inv Will+
                  | Int+2}
 63101 | Elf:3    | Identified the amulet of the Genius {Spirit Str+3 Int+8
                  | Stlth+}
 63388 | Elf:3    | Gained mutation: Your magical capacity is low. (-10% MP) [a
                  | neqoxec]
 64345 | Elf:3    | Identified the ring "Rubom" {rF+ Will- SInv Stlth+}
 64797 | Elf:3    | Identified the +4 plate armour of Ranuf {+Blink rElec Str-2
                  | Int+3}
 64797 | Elf:3    | Identified the amulet "Hoarghy" {Reflect *Corrode Fly Will+
                  | Int+4 SH+5}
 64797 | Elf:3    | Identified the ring of Ziptai Ruefy {rPois Int+4}
 64983 | Elf:3    | Found the +3 giant club "Skullcrusher" {speed, Str+7}
 65181 | Elf:2    | Bought a potion of might for 112 gold pieces
 65181 | Elf:2    | Bought a potion of berserk rage for 140 gold pieces
 65181 | Elf:2    | Bought a potion of curing for 84 gold pieces
 65268 | Orc:2    | Bought a scroll of summoning for 133 gold pieces
 65412 | Lair:1   | Lost mutation: Your magical capacity is low. (-10% MP)
                  | [potion of mutation]
 65412 | Lair:1   | Gained mutation: Your body sometimes deteriorates upon
                  | taking damage. [potion of mutation]
 65412 | Lair:1   | Gained mutation: You are somewhat resistant to further
                  | mutation. [potion of mutation]
 65413 | Lair:1   | Lost mutation: Your body sometimes deteriorates upon taking
                  | damage. [potion of mutation]
 65413 | Lair:1   | Lost mutation: You are somewhat resistant to further
                  | mutation. [potion of mutation]
 65413 | Lair:1   | Gained mutation: You have a pair of small horns on your
                  | head. [potion of mutation]
 65413 | Lair:1   | Gained mutation: Your movements are slightly less
                  | encumbered by armour. (ER -2) [potion of mutation]
 65414 | Lair:1   | Lost mutation: Your movements are slightly less encumbered
                  | by armour. (ER -2) [potion of mutation]
 65414 | Lair:1   | Lost mutation: You have a pair of small horns on your head.
                  | [potion of mutation]
 65414 | Lair:1   | Gained mutation: Your spells are a little easier to cast,
                  | but a little less powerful. [potion of mutation]
 65414 | Lair:1   | Gained mutation: Armour fits poorly on your strangely
                  | shaped body. [potion of mutation]
 65414 | Lair:1   | Gained mutation: Your mind is acute. (Int +2) [potion of
                  | mutation]
 65415 | Lair:1   | Lost mutation: Your mind is acute. (Int +2) [potion of
                  | mutation]
 65415 | Lair:1   | Lost mutation: Your spells are a little easier to cast, but
                  | a little less powerful. [potion of mutation]
 65415 | Lair:1   | Lost mutation: Armour fits poorly on your strangely shaped
                  | body. [potion of mutation]
 65415 | Lair:1   | Gained mutation: Your mind is acute. (Int +2) [potion of
                  | mutation]
 65415 | Lair:1   | Gained mutation: You are partially covered in iridescent
                  | scales. (AC +2) [potion of mutation]
 65415 | Lair:1   | Gained mutation: You have a pair of small horns on your
                  | head. [potion of mutation]
 65415 | Lair:1   | Gained mutation: You possess an exceptional clarity of
                  | mind. [potion of mutation]
 65416 | Lair:1   | Lost mutation: You have a pair of small horns on your head.
                  | [potion of mutation]
 65416 | Lair:1   | Lost mutation: You are partially covered in iridescent
                  | scales. (AC +2) [potion of mutation]
 65416 | Lair:1   | Lost mutation: Your mind is acute. (Int +2) [potion of
                  | mutation]
 65416 | Lair:1   | Gained mutation: Your mind is acute. (Int +2) [potion of
                  | mutation]
 65416 | Lair:1   | Gained mutation: Your spells are a little easier to cast,
                  | but a little less powerful. [potion of mutation]
 65416 | Lair:1   | Gained mutation: You are frail. (-10% HP) [potion of
                  | mutation]
 65416 | Lair:1   | Gained mutation: You are partially covered in iridescent
                  | scales. (AC +2) [potion of mutation]
 65417 | Lair:1   | Lost mutation: You possess an exceptional clarity of mind.
                  | [potion of mutation]
 65417 | Lair:1   | Lost mutation: You are partially covered in iridescent
                  | scales. (AC +2) [potion of mutation]
 65417 | Lair:1   | Lost mutation: Your spells are a little easier to cast, but
                  | a little less powerful. [potion of mutation]
 65417 | Lair:1   | Gained mutation: You have an increased reservoir of magic.
                  | (+10% MP) [potion of mutation]
 65417 | Lair:1   | Lost mutation: You have an increased reservoir of magic.
                  | (+10% MP) [potion of mutation]
 65417 | Lair:1   | Gained mutation: Potions are less effective at restoring
                  | your health. [potion of mutation]
 65417 | Lair:1   | Gained mutation: Your muscles are strong. (Str +2) [potion
                  | of mutation]
 65418 | Lair:1   | Lost mutation: Your mind is acute. (Int +2) [potion of
                  | mutation]
 65418 | Lair:1   | Lost mutation: Your muscles are strong. (Str +2) [potion of
                  | mutation]
 65418 | Lair:1   | Gained mutation: Your spells are a little easier to cast,
                  | but a little less powerful. [potion of mutation]
 65418 | Lair:1   | Gained mutation: You are partially covered in iridescent
                  | scales. (AC +2) [potion of mutation]
 65472 | D:10     | Bought a potion of mutation for 80 gold pieces
 65472 | D:10     | Lost mutation: Your spells are a little easier to cast, but
                  | a little less powerful. [potion of mutation]
 65472 | D:10     | Lost mutation: You are frail. (-10% HP) [potion of
                  | mutation]
 65472 | D:10     | Lost mutation: You are partially covered in iridescent
                  | scales. (AC +2) [potion of mutation]
 65472 | D:10     | Gained mutation: You are somewhat resistant to further
                  | mutation. [potion of mutation]
 65472 | D:10     | Gained mutation: You have an increased reservoir of magic.
                  | (+10% MP) [potion of mutation]
 65475 | D:10     | Bought a potion of attraction for 30 gold pieces
 65655 | Vaults:4 | Bought a potion of attraction for 54 gold pieces
 65821 | Depths:1 | Entered Level 1 of the Depths
 66855 | Depths:1 | Found Hoaxzie's Armour Boutique.
 66970 | Depths:1 | Reached XP level 23. HP: 213/213 MP: 40/40
 67115 | Depths:1 | Found a gateway to Hell.
 67608 | Depths:2 | Found a runed translucent gate.
 67609 | Depths:2 | Found a runed translucent gate.
 67610 | Depths:2 | Found a runed translucent gate.
 67610 | Depths:2 | Noticed Noname's ghost (veteran DjAE)
 67615 | Depths:2 | Noticed a golden dragon
 67626 | Depths:2 | Found a shadowy altar of Dithmenos.
 67904 | Depths:2 | Found a gateway to a ziggurat.
 68012 | Depths:2 | Reached skill level 20 in Invocations
 68092 | Depths:2 | Noticed a caustic shrike
 68092 | Depths:2 | an iron giant changed into a caustic shrike
 68676 | Depths:2 | Identified the ring of Doro Ybia {+Blink rN+ MP-9 Str+6}
 68678 | Depths:2 | Identified the amulet "Geptutt" {Acrobat Str+2 Stlth+}
 69205 | Depths:2 | Found a one-way gate leading to the halls of Pandemonium.
 70589 | Depths:3 | Noticed a caustic shrike
 70603 | Depths:3 | Killed a caustic shrike
 70672 | Depths:3 | Identified the +5 shortbow of Beogh {vorpal, Int+3 Dex+6}
 71143 | Vaults:3 | You paid a toll of 2 scrolls of acquirement to enter a
                  | treasure trove
 71144 | Trove    | Entered a treasure trove
 71166 | Trove    | Identified the amulet of the Leylines {Faith rN+ Will++}
 71168 | Trove    | Identified the ring of Surprise {rPois Dex+6}
 71170 | Trove    | Identified the ring "Usathuun" {Ice rN+ Str-5 Dex+3}
 71172 | Trove    | Identified the ring of Noon {*Corrode rF++ rC+ MP+9 Str+2}
 71179 | Trove    | Identified the amulet of Dawn {Acrobat Dex+6}
 71181 | Trove    | Identified the ring of Liberty {rC+ Will+}
 71183 | Trove    | Identified the amulet "Dajoryaf" {Reflect Drain Int+2
                  | Slay+2 SH+5}
 71188 | Trove    | Identified the ring of Loreg {rPois Str-5 Int+2 Dex+6
                  | Slay+5}
 71189 | Trove    | Identified the ring "Lijinadd" {Will+ Int+6}
 71190 | Trove    | Identified the ring "Rurewad" {rF+ rC++ MP+9 Int-2 Stlth+}
 71192 | Trove    | Identified the amulet of the Eight Artisans {Spirit rN+++}
 71805 | Depths:3 | Reached XP level 24. HP: 224/224 MP: 40/40
 72352 | Depths:4 | Acquired 819 gold pieces
 72683 | Depths:4 | Found a one-way gate to the infinite horrors of the Abyss.
 72707 | Depths:4 | Found a hide-covered altar of Uskayaw.
 72916 | Depths:4 | Noticed a juggernaut
 72936 | Depths:4 | Noticed a caustic shrike
 72947 | Depths:4 | Killed a caustic shrike
 72951 | Depths:4 | Noticed a juggernaut
 72953 | Depths:4 | Identified the +10 mace of a Labyrinth {drain, rN++}
 73285 | Depths:4 | Reached skill level 21 in Invocations
 73511 | Depths:4 | Killed a juggernaut
 73666 | Depths:4 | Found a runed translucent door.
 73668 | Depths:4 | Noticed a caustic shrike
 73670 | Depths:4 | Found a runed translucent door.
 73670 | Depths:4 | Found a runed translucent door.
 73696 | Depths:4 | Killed a caustic shrike
 73815 | Depths:4 | Identified Nipepniu's Disquisition on Feathery
                  | Transformation
 74073 | Depths:5 | Entered Level 5 of the Depths
 74263 | Depths:5 | Found a gate to the Realm of Zot.
 74272 | Depths:5 | Reached XP level 25. HP: 210/234 MP: 41/41
 74724 | Orc:2    | Bought a scroll of enchant armour for 105 gold pieces
 74999 | Depths:2 | Killed Noname's ghost
 75244 | Depths:5 | Found Inuowuir's Weapon Emporium.
 75247 | Depths:5 | Found Daelali's Magic Scroll Shoppe.
 75247 | Depths:5 | Found Jirr's Armour Emporium.
 75260 | Depths:5 | Found Wugyi's Book Shoppe.
 75327 | Depths:5 | Bought a scroll of teleportation for 39 gold pieces
 75327 | Depths:5 | Bought a scroll of teleportation for 39 gold pieces
 75327 | Depths:5 | Bought a scroll of teleportation for 39 gold pieces
 75335 | Depths:5 | Bought the +2 pair of boots of Impatience {rPois Str+7
                  | Int-5 Slay+3} for 722 gold pieces
 76153 | Vaults:1 | Killed Jory
 76555 | Slime:1  | Entered Level 1 of the Pits of Slime
 76712 | Slime:3  | Reached skill level 22 in Invocations
 76759 | Slime:5  | Entered Level 5 of the Pits of Slime
 77029 | Slime:5  | Noticed the Royal Jelly
 77032 | Slime:5  | Found a viscous altar of Jiyva.
 77082 | Slime:5  | Killed the Royal Jelly
 77530 | Slime:5  | Reached XP level 26. HP: 97/246 MP: 42/42
 77851 | Slime:5  | Noticed Dissolution
 77870 | Slime:5  | Killed Dissolution
 77871 | Slime:5  | Reached skill level 15 in Evocations
 77926 | Slime:5  | Identified the +0 helmet of Slovenliness {rN+ Int+5}
 77929 | Slime:5  | Identified the Grimoire of Unstable Evil Rituals
 77967 | Slime:5  | Identified the +9 rapier of Ycedimpoch {holy, rN+ Str+4
                  | SInv}
 77970 | Slime:5  | Got a slimy rune of Zot
 77971 | Slime:5  | Identified the ring of Vuocsu {+Inv rPois rF- EV+4 Slay-6}
 77980 | Slime:5  | Identified the +0 ring mail "Voufux" {rN+}
 78006 | Slime:5  | Identified the +1 plate armour of Least Resistance {rN++
                  | MP-9 Int+3 Dex+3}
 78514 | Zot:1    | Entered Level 1 of the Realm of Zot
 78592 | Zot:1    | You fall into a shaft and drop 1 floor!
 78650 | Zot:1    | Found a transporter.
 79194 | Zot:1    | Noticed a shard shrike
 79204 | Zot:1    | Found a transporter.
 79204 | Zot:1    | Noticed a shard shrike
 79204 | Zot:1    | Noticed Odghynix's ghost (master TrAr)
 79580 | Zot:2    | Found a runed translucent gate.
 79580 | Zot:2    | Found a runed translucent gate.
 79580 | Zot:2    | Found a runed translucent gate.
 79580 | Zot:2    | Noticed Canky's ghost (master TrAr)
 80189 | Zot:3    | Noticed an orb of fire
 80222 | Zot:3    | Killed an orb of fire
 80231 | Zot:3    | Reached skill level 15 in Dodging
 80475 | Zot:3    | Noticed an orb of fire
 80479 | Zot:3    | Gained mutation: Your spells are a little easier to cast,
                  | but a little less powerful. [an orb of fire]
 80486 | Zot:3    | Killed an orb of fire
 80487 | Zot:3    | Reached skill level 23 in Invocations
 80823 | Zot:3    | Found a corrupted altar of Lugonu.
 81819 | Zot:4    | Noticed a juggernaut
 81827 | Zot:4    | Killed a juggernaut
 81856 | Zot:4    | Reached XP level 27. HP: 247/256 MP: 42/42
 83001 | Zot:5    | Entered Level 5 of the Realm of Zot
 83148 | Zig:1    | Entered Level 1 of a ziggurat
 83185 | Zig:2    | Entered Level 2 of a ziggurat
 83210 | Zig:3    | Entered Level 3 of a ziggurat
 83235 | Zig:4    | Entered Level 4 of a ziggurat
 83277 | Zig:5    | Entered Level 5 of a ziggurat
 83378 | Zig:6    | Entered Level 6 of a ziggurat
 83415 | Zig:6    | Noticed Wel Fode the pandemonium lord
 83429 | Zig:6    | Killed Wel Fode the pandemonium lord
 83569 | Zig:7    | Entered Level 7 of a ziggurat
 83573 | Zig:7    | Noticed an ancient lich
 83588 | Zig:7    | Killed an ancient lich
 83607 | Zig:7    | Identified the +3 battleaxe "Murmur" {flame, Int+3}
 83704 | Zig:8    | Entered Level 8 of a ziggurat
 83709 | Zig:8    | Noticed a royal mummy
 83720 | Zig:8    | Killed a royal mummy
 83721 | Zig:8    | Reached skill level 24 in Invocations
 83721 | Zig:8    | Noticed a royal mummy
 83721 | Zig:8    | Noticed a royal mummy
 83723 | Zig:8    | Found the +8 demon trident "Rift" {distort, reach+}
 83734 | Zig:8    | Killed a royal mummy
 83738 | Zig:8    | Killed a royal mummy
 83742 | Zig:8    | Identified the amulet of Nobility {Reflect rPois Str+3
                  | SH+5}
 83744 | Zig:8    | Identified the Papyrus of Cold and Necromancy
 83782 | Zig:8    | Lost mutation: Potions are less effective at restoring your
                  | health. [potion of mutation]
 83782 | Zig:8    | Lost mutation: You are somewhat resistant to further
                  | mutation. [potion of mutation]
 83782 | Zig:8    | Lost mutation: Your spells are a little easier to cast, but
                  | a little less powerful. [potion of mutation]
 83782 | Zig:8    | Lost mutation: You have an increased reservoir of magic.
                  | (+10% MP) [potion of mutation]
 83782 | Zig:8    | Gained mutation: Your flesh is heat resistant. (rF+)
                  | [potion of mutation]
 83782 | Zig:8    | Gained mutation: You are partially covered in iridescent
                  | scales. (AC +2) [potion of mutation]
 84864 | Zot:5    | Noticed a dread lich
 84871 | Zot:5    | Noticed an orb of fire
 84875 | Zot:5    | Killed a dread lich
 84887 | Zot:5    | Killed an orb of fire
 85566 | Zot:5    | Noticed an orb of fire
 85571 | Zot:5    | Gained mutation: Your magical capacity is low. (-10% MP)
                  | [an orb of fire]
 85575 | Zot:5    | Gained mutation: You are dopey. (Int -2) [an orb of fire]
 85579 | Zot:5    | Killed an orb of fire
 85580 | Zot:5    | Reached skill level 25 in Invocations
 85580 | Zot:5    | Noticed an orb of fire
 85582 | Zot:5    | Noticed an orb of fire
 85582 | Zot:5    | Noticed an orb of fire
 85589 | Zot:5    | Killed an orb of fire
 85600 | Zot:5    | Gained mutation: Armour fits poorly on your strangely
                  | shaped body. [an orb of fire]
 85603 | Zot:5    | Killed an orb of fire
 85627 | Zot:5    | Killed an orb of fire
 86282 | Zot:5    | Lost mutation: You are partially covered in iridescent
                  | scales. (AC +2) [potion of mutation]
 86282 | Zot:5    | Gained mutation: You expend magic power (3 MP) to
                  | strengthen your wands. [potion of mutation]
 86282 | Zot:5    | Gained mutation: You tend to lose your temper in combat.
                  | [potion of mutation]
 86282 | Zot:5    | Gained mutation: You are robust. (+10% HP) [potion of
                  | mutation]
 86283 | Zot:5    | Lost mutation: You are robust. (+10% HP) [potion of
                  | mutation]
 86283 | Zot:5    | Lost mutation: You are dopey. (Int -2) [potion of mutation]
 86283 | Zot:5    | Lost mutation: You expend magic power (3 MP) to strengthen
                  | your wands. [potion of mutation]
 86283 | Zot:5    | Gained mutation: You are partially covered in iridescent
                  | scales. (AC +2) [potion of mutation]
 86283 | Zot:5    | Gained mutation: Your natural rate of healing is unusually
                  | fast. [potion of mutation]
 86283 | Zot:5    | Gained mutation: Your flesh is cold resistant. (rC+)
                  | [potion of mutation]
 86284 | Zot:5    | Lost mutation: Your natural rate of healing is unusually
                  | fast. [potion of mutation]
 86284 | Zot:5    | Lost mutation: You are partially covered in iridescent
                  | scales. (AC +2) [potion of mutation]
 86284 | Zot:5    | Lost mutation: You tend to lose your temper in combat.
                  | [potion of mutation]
 86284 | Zot:5    | Gained mutation: You passively map a small area around you.
                  | [potion of mutation]
 86285 | Zot:5    | Lost mutation: Armour fits poorly on your strangely shaped
                  | body. [potion of mutation]
 86285 | Zot:5    | Lost mutation: Your magical capacity is low. (-10% MP)
                  | [potion of mutation]
 86285 | Zot:5    | Lost mutation: You passively map a small area around you.
                  | [potion of mutation]
 86285 | Zot:5    | Gained mutation: You are agile. (Dex +2) [potion of
                  | mutation]
 86285 | Zot:5    | Gained mutation: You have sharp toenails. [potion of
                  | mutation]
 86285 | Zot:5    | Gained mutation: Your mind is acute. (Int +2) [potion of
                  | mutation]
 86287 | Zot:5    | Got the Orb of Zot
 86769 | D:7      | Noticed Hogapt the pandemonium lord
 86902 | D:$      | Escaped with the Orb!

Illustrated notes

Levels and vault maps discovered:
D:1:      eino_arrival_cavern_a, layout_rooms, serial_bayou_pond_d
D:2:      layout_basic, basic_ecumenical_altar, uniq_jessica
D:3:      layout_loops_corners, gup_sewer_entry_glass, grunt_ministairs_14,
          amcnicky_mini_pool_small, minmay_misc_feat_more_columns
D:4:      layout_basic, serial_shops, shop
D:5:      layout_basic, ebering_ghost_rock_garden
D:6:      layout_loops_corners, minmay_temple_entry_overgrown, serial_shops,
          nicolae_shop_crystal, minmay_manual_mandibuliform, uniq_edmund,
          uniq_sigmund
D:7:      layout_loops_cross
D:8:      layout_cave_pools
D:9:      hangedman_cross_cluster, layout_rooms, general_overflow_altar,
          erik_orc_1
D:10:     layout_roguey, dpeg_lair_monsters, serial_shops, nicolae_shop_stone
D:11:     layout_cave_pools
D:12:     layout_cave_pods, gammafunk_ghost_arena, hangedman_ru_absence
D:13:     layout_basic, uniq_nessos
D:14:     layout_cave_pods, ximxim_vaults_locker_room,
          nicolae_qazlal_style_of_elements, kennysheep_generic_room_14
D:15:     grunt_enter_depths_hoard, layout_loops_ring, serial_rivers,
          chequers_serial_rivers_micro_e, chequers_serial_rivers_room_a,
          chequers_serial_rivers_micro_a, chequers_serial_rivers_marsh,
          nicolae_hepliaklqana_hazy_memory, tgw_lugonu_bribe
Temple:   nicolae_temple_the_god_donut
Lair:1:   minmay_lair_oklob_tunnel, layout_cave_pods, serial_bayou_lagoon_a,
          lemuel_fruit_fields
Lair:2:   dragon1_lemuel, layout_regular_city, swamp_mist
Lair:3:   layout_concentric_octagons, ebering_ghost_reflecting_pool,
          eino_small_chamber_without_monster, uniq_gastronok
Lair:4:   layout_roguey, nicolae_spider_entry_tight_spaces, uniq_kirke
Lair:5:   layout_cave_pods, basic_altar, uniq_snorg
Lair:6:   minmay_lair_end_frog_pond, layout_layer_cave, slime_altar_2,
          serial_bayou_crossing
Swamp:1:  layout_basic_swamp, hangedman_swamp_blocks, infiniplex_staircase_pool,
          uniq_josephine
Swamp:2:  layout_falls_marsh, ebering_ghost_reflecting_pool,
          nicolae_swamp_ascending_descending, swamp_pool5
Swamp:3:  layout_basic_swamp, nicolae_swamp_decorative_isthmus, uniq_bai_suzhen
Swamp:4:  swamp, layout_basic_swamp
Spider:1: layout_spider_delve, uniq_asterion
Spider:2: layout_chambers, uniq_nikola
Spider:3: layout_chambers, hangedman_spider_tarantella_strand
Spider:4: grunt_spider_rune_island, uniq_donald, uniq_arachne
Slime:1:  layout_caves, nicolae_slime_phagocytosis
Slime:2:  layout_caves
Slime:3:  layout_caves
Slime:4:  layout_caves, cheibrodos_slime_lost_civilization_4
Slime:5:  uniq_dissolution
Orc:1:    layout_caves, nicolae_orc_tapped_out
Orc:2:    st_orc_pillars, layout_caves, serial_shops,
          nicolae_shop_window_shopping, minmay_shop_mayhem
Elf:1:    minmay_elf_arrival_circle, layout_onion_city, minivault_28,
          minmay_misc_feat_pillars, uniq_roxanne
Elf:2:    layout_geoelf_diagonals, minmay_shop_star, uniq_louise, uniq_azrael
Elf:3:    nooodl_elf_gasket, layout_geoelf_diagonals, serial_shops, shop,
          minivault_26, nrook_uturn, hangedman_glass_teeth
Vaults:1: v_misc_33, hangedman_vaults_hat, v_misc_29, v_misc_9,
          vaults_room_pool, grunt_vaults_funnel, nicolae_vaults_what_the_h,
          nicolae_vaults_shelves_hall, layout_vaults_big_room
Vaults:2: ebering_vaults_ghost_xom, hangedman_vaults_corner,
          vaults_room_stairs_pillars, v_misc_19, hangedman_vaults_capsules,
          ontoclasm_vaults_ligature, vaults_room_semicircle,
          grunt_vaults_hallway_long, vaults_mumra_lcd, vaults_dpeg_ring,
          v_alt_pattern_4, hangedman_vaults_maws, vaults_room_guarded_vault,
          v_misc_26, layout_vaults_omnibox, uniq_jory
Vaults:3: dpeg_vaults_monster_row, nicolae_vaults_ninety_degrees, v_misc_26,
          ontoclasm_vaults_idyll, ontoclasm_vaults_shuriken,
          nicolae_vaults_asterisk, layout_vaults_omnigrid, dummy_crypt_entry,
          enter_trove_1
Vaults:4: v_misc_33, sword_in_stone, ontoclasm_vaults_ring_large, v_misc_29,
          nicolae_vaults_little_squares_6, grunt_vaults_diagonal,
          vaults_room_fours, nicolae_vaults_border_crossing,
          nicolae_vaults_yaktaur_gun_rack, layout_vaults_omnicross,
          serial_shops, shop, uniq_margery
Depths:1: layout_cave_pools, serial_shops, nicolae_shop_behind_doors,
          grunt_metal_band, dk_noncrumbling_4, minivault_16,
          kennysheep_generic_room_2
Depths:2: minmay_concentric_multi, layout_honeycomb, ziggurat_fallback,
          grunt_dithmenos_smoke_and_mirrors, grunt_pan_entry_spiral,
          gammafunk_ghost_split, pf_dread_powers_of_hell
Depths:3: minmay_textured_paths, layout_gridlike, hell_entry, pan_entry,
          grunt_ministairs_6
Depths:4: minmay_the_grid_triangle_9x9_recursive_3_mashed
          [minmay_the_grid_triangle_9x9_corrupted_corridor,
          minmay_the_grid_triangle_9x9_steps,
          minmay_the_grid_triangle_9x9_warning,
          minmay_the_grid_triangle_9x9_prize_center,
          minmay_the_grid_triangle_9x9_pentomino_pain,
          minmay_the_grid_triangle_9x9_sprig,
          minmay_the_grid_triangle_9x9_impossible_snake,
          minmay_the_grid_triangle_9x9_fully_insulated_deathbox,
          minmay_the_grid_triangle_9x9_empty], layout_cross, serial_glass,
          glass_columns_a, glass_columns_b,
          nicolae_uskayaw_murder_on_the_dancefloor, hangedman_abyss_entry_splay,
          hell_entry, rand_demon_pan_entry_7
Depths:5: evilmike_zot_entry_diamond, layout_long_grid, abyss_entry,
          minmay_misc_feat_tower, hellmouth_1, minmay_shoptagon
Zot:1:    layout_misc_corridors, gammafunk_ghost_berserking_beasts
Zot:2:    layout_basic, ebering_ghost_rock_garden
Zot:3:    kennysheep_oblong_rooms, layout_gridlike,
          amcnicky_altar_lugonu_corruption
Zot:4:    ebering_greatest_show_in_zot, layout_gridlike
Zot:5:    layout_cathedral_of_symmetry, hangedman_zot_decor_scrapings

Skill      XL: |  1  2  3  4  5  6  7  8  9 10 11 12 13 14 15 16 17 18 19 20 21 22 23 24 25 26 27 |
---------------+----------------------------------------------------------------------------------+-----
Fighting       | 3 4 5 6 8 10 11 12 13 14 15 16 17 18 19 20 21 22 24 | 24.4
Axes           | 5 6 7 8 10 12 13 14 16 17 18 19 20 | 20.0
Armour         | 2 4 6 7 8 10 11 12 13 14 15 16 17 18 19 20 22 | 22.2
Invocations    | 2 4 7 8 10 11 12 14 15 16 17 18 19 20 21 22 23 25 | 25.4
Dodging        | 4 5 6 7 8 9 10 11 12 13 14 15 17 | 17.1
Evocations     | 4 5 6 8 10 11 12 13 14 15 18 | 18.2
Shields        | 7 11 13 15 | 15.0
Maces & Flails | 5 10 12 | 12.0
Throwing       | |  1.7

Action                   |  1- 3 |  4- 6 |  7- 9 | 10-12 | 13-15 | 16-18 | 19-21 | 22-24 | 25-27 || total
-------------------------+-------+-------+-------+-------+-------+-------+-------+-------+-------++-------
Melee: War axe           |    77 |   173 |   104 |       |       |       |       |       |       ||   354
       Staff             |       |     6 |       |       |       |       |       |       |       ||     6
       Flail             |       |       |   111 |   122 |    92 |    17 |       |       |       ||   342
       Hand axe          |       |       |    41 |       |       |       |       |       |       ||    41
       Battleaxe         |       |       |     3 |   338 |   756 |    40 |       |       |       ||  1137
       Hand crossbow     |       |       |       |       |     1 |       |       |       |       ||     1
       Broad axe         |       |       |       |       |       |   252 |       |    77 |   398 ||   727
       Eveningstar       |       |       |       |       |       |   744 |  1234 |  1022 |   681 ||  3681
 Fire: Shortbow          |       |       |    26 |    86 |   113 |       |       |       |       ||   225
       Hand crossbow     |       |       |       |       |   184 |       |       |       |       ||   184
       Longbow           |       |       |       |       |    59 |    34 |       |       |       ||    93
       Hunting sling     |       |       |       |       |       |   403 |   353 |    65 |     1 ||   822
Throw: Stone             |    14 |    10 |       |       |       |       |       |       |       ||    24
       Throwing net      |     9 |       |     1 |       |       |       |       |       |       ||    10
       Dart              |       |    13 |    32 |    25 |    22 |     5 |     1 |     3 |       ||   101
       Javelin           |       |       |       |       |       |     3 |       |       |       ||     3
Invok: Stomp             |       |       |       |       |    10 |     1 |       |       |       ||    11
       Grand Finale      |       |       |       |       |     1 |     7 |     5 |     7 |     6 ||    26
       Line Pass         |       |       |       |       |     2 |       |     1 |       |       ||     3
Evoke: Wand              |       |       |     9 |    33 |    38 |    21 |     6 |     3 |    21 ||   131
       Condenser vane    |       |       |       |       |     4 |     4 |     2 |     2 |     6 ||    18
       Box of beasts     |       |       |       |       |     1 |     4 |     1 |     2 |     6 ||    14
       Phial of floods   |       |       |       |       |     1 |     3 |     1 |     4 |     3 ||    12
       Lightning rod     |       |       |       |       |       |       |       |       |     5 ||     5
       Phantom mirror    |       |       |       |       |       |       |       |       |     2 ||     2
  Use: Scroll            |     5 |     4 |     6 |     9 |     6 |     9 |     3 |    14 |    19 ||    75
       Potion            |     1 |     1 |       |     4 |     3 |    11 |       |    17 |    25 ||    62
 Stab: Sleeping          |     1 |       |       |       |       |       |       |       |       ||     1
       Held in net/web   |     2 |       |     1 |       |       |       |       |       |       ||     3
       Paralysed         |       |       |     3 |    28 |    72 |   128 |   174 |   143 |   147 ||   695
       Confused          |       |       |       |       |     1 |       |       |       |       ||     1
       Distracted        |       |       |       |       |       |     1 |       |     2 |     1 ||     4
       Invisible         |       |       |       |       |       |     1 |       |     9 |    15 ||    25
Armor: Leather armour    |     8 |       |       |       |       |       |       |       |       ||     8
       Scale mail        |    19 |       |       |       |       |       |       |       |       ||    19
       Plate armour      |       |   139 |   176 |   293 |   446 |   525 |   248 |   211 |     5 ||  2043
       Storm dragon scal |       |       |       |       |       |       |       |       |   313 ||   313
Dodge: Dodged            |    43 |    50 |   130 |   234 |   481 |   524 |   278 |   367 |   477 ||  2584
Block: Buckler           |       |    25 |    25 |       |       |       |       |       |       ||    50
       Kite shield       |       |       |       |       |       |   938 |   757 |   668 |   834 ||  3197

Table legend: (Time is in decaauts)
 A = Elapsed time spent in this place.
 B = Non-inter-level travel time spent in this place.
 C = Inter-level travel time spent in this place.
 D = Time resting spent in this place.
 E = Time spent auto-exploring this place.
 F = Levels seen in this place.
 G = Mean time per level.
                   A        B        C        D        E       F      G
               +--------+--------+--------+--------+--------+-----+--------+
         Total |  86185 |  76390 |   9795 |  10388 |  50122 |  64 | 1346.6 |
       Dungeon |  22027 |  17546 |   4481 |   2308 |  10979 |  15 | 1468.5 |
        Temple |     12 |     12 |      0 |      0 |      0 |   1 |   12.0 |
          Lair |  14057 |  12273 |   1784 |   3376 |   6865 |   6 | 2342.8 |
         Swamp |   6109 |   5831 |    278 |    290 |   4451 |   4 | 1527.2 |
   Spider Nest |   6739 |   6583 |    156 |    125 |   5511 |   4 | 1684.8 |
    Slime Pits |   1498 |   1457 |     41 |    887 |     27 |   5 |  299.6 |
  Orcish Mines |   4224 |   3400 |    824 |    726 |   1920 |   2 | 2112.0 |
   Elven Halls |   5910 |   5763 |    147 |    534 |   3880 |   3 | 1970.0 |
        Vaults |   8524 |   7711 |    813 |    158 |   5975 |   4 | 2131.0 |
        Depths |   9110 |   8211 |    899 |    604 |   6029 |   5 | 1822.0 |
           Zot |   6932 |   6562 |    370 |   1070 |   4284 |   5 | 1386.4 |
      Ziggurat |    618 |    618 |      0 |    306 |     25 |   8 |   77.2 |
         Trove |    109 |    109 |      0 |      0 |      7 |   1 |  109.0 |
         Sewer |    309 |    309 |      0 |      0 |    168 |   1 |  309.0 |
               +--------+--------+--------+--------+--------+-----+--------+

Top non-repeatable levels by time:
  Lair:1: 3820 daAuts
     D:9: 3205 daAuts
  Lair:2: 2994 daAuts
    D:10: 2785 daAuts
    D:14: 2765 daAuts
   Orc:2: 2504 daAuts
Depths:2: 2351 daAuts
   Zot:5: 2330 daAuts
Vaults:3: 2310 daAuts
Spider:4: 2302 daAuts
Vaults:2: 2286 daAuts
  Lair:6: 2176 daAuts
  Lair:5: 2165 daAuts
   Elf:2: 2158 daAuts
Vaults:1: 2057 daAuts
